 Dungeon Crawl Stone Soup version 0.30-a0-930-gb9d0489357 (webtiles) character file.

Game seed: 8690011517443743788

127 vineage the Trooper (level 5, -4/34 HPs)
             Began as a Gargoyle Fighter on Mar 23, 2023.
             Slain by Natasha (10 damage)
             ... on level 3 of the Dungeon.
             The game lasted 00:01:41 (1295 turns).

vineage the Trooper (Gargoyle Fighter)              Turns: 1295, Time: 00:01:42

Health: -4/34      AC: 13    Str: 20    XL:     5   Next: 11%
Magic:  5/5        EV:  7    Int:  8    God:
Gold:   71         SH:  0    Dex: 11    Spells: 4/4 levels left

rFire   . . .      SeeInvis .    a - +0 flail
rCold   . . .      Faith    .    c - +0 buckler
rNeg    + . .      Spirit   .    i - +0 chain mail
rPois   ∞          Reflect  .    (no helmet)
rElec   +          Rampage  .    j - scarf {+Inv}
rCorr   .                        (no gloves)
Will    .....                    (no boots) Stlth
                                 (no amulet)
HPRegen 0.25/turn                (no ring)
MPRegen 0.09/turn                (no ring)

@: confused, mighty, ambrosia-drunk
A: sickness immunity, AC +4, negative energy resistance 1, electricity
resistance, torment resistance 1, petrification resistance
a: Evoke Invisibility


You were on level 3 of the Dungeon.
You visited 1 branch of the dungeon, and saw 3 of its levels.

You collected 71 gold pieces.

Inventory:

Hand Weapons
 a - a +0 flail (weapon)
Armour
 c - a +0 buckler (worn)
 i - a +0 chain mail (worn)
 j - a scarf of invisibility (worn)
Wands
 e - a wand of acid (9)
Scrolls
 f - a scroll of magic mapping
Potions
 b - a potion of flight
 d - a potion of might


   Skills:
 * Level 4.4 Fighting
 * Level 3.2 Maces & Flails
 + Level 4.0 Armour
 + Level 3.9 Shields


You had 4 spell levels left.
You didn't know any spells.
Your spell library was empty.

Dungeon Overview and Level Annotations

Branches:
Dungeon (3/15)

Altars:

Annotations:
D:3 Natasha


Innate Abilities, Weirdness & Mutations

You are immune to sickness and miasma.
Your stone body is resilient. (AC +4)
You are immune to poison.
You resist negative energy. (rN+)
You are resistant to electric shocks. (rElec)
You are resistant to unholy torment.
You are immune to petrification.


Message History

You are too injured to fight recklessly!
A quokka comes into view.
Natasha drinks a potion.
Natasha seems to grow stronger.
You miss Natasha. Natasha claws you but does no damage.
You barely miss Natasha. Natasha casts a spell at you.
The magic dart hits you but does no damage.
Natasha claws you but does no damage.
You closely miss Natasha.
Natasha stares at you and mumbles some strange words.
The magic dart hits you.
You barely miss Natasha. The quokka bites you. Natasha closely misses you.
You block the quokka's attack.
You miss Natasha. Natasha claws you but does no damage.
The quokka bites you but does no damage.
You barely miss Natasha. You block the quokka's attack.
Natasha casts a spell at you. The magic dart hits you.
* * * LOW HITPOINT WARNING * * *
The quokka bites you but does no damage.
Natasha barely misses you.
You barely miss Natasha.
The quokka bites you but does no damage.
You block Natasha's attack. The quokka completely misses you.
You thump Natasha!
Natasha is almost dead.
Natasha claws you.
* * * LOW HITPOINT WARNING * * *
The quokka bites you but does no damage.
You closely miss Natasha.
Natasha is almost dead.
The quokka barely misses you. Natasha barely misses you.
The quokka bites you but does no damage.
Natasha claws you.
* * * LOW HITPOINT WARNING * * *
You are confused.
You feel invigorated. The quokka bites you.
* * * LOW HITPOINT WARNING * * *
Natasha claws you!
You die...

#######
#.....#
#.....####.
#.....#>...
#..........
#...h.....^
#..@r......
##..........
#...........
#)#.........
#.#.........
#.#.........
#.#.####'###
#.#.# .#
#.#.. #


You could see Natasha (strong) and a quokka.

Vanquished Creatures
  Natasha (twice) (D:3)
  4 adders
  A dart slug (D:1)
  3 endoplasms (D:1)
  2 giant cockroaches
  4 goblins
  2 hobgoblins (D:1)
  3 jackals (D:1)
  7 kobolds
  6 ball pythons
  A bat (D:2)
  A frilled lizard (D:1)
  3 rats
  A spectral hobgoblin (D:2)
40 creatures vanquished.

Vanquished Creatures (others)
  A fungus (D:2)
1 creature vanquished.

Grand Total: 41 creatures vanquished

Notes
Turn   | Place    | Note
-------+----------+-------------------------------------------
     0 | D:1      | vineage the Gargoyle Fighter began the quest for the Orb.
     0 | D:1      | Reached XP level 1. HP: 14/14 MP: 1/1
   182 | D:1      | Reached XP level 2. HP: 11/19 MP: 2/2
   670 | D:2      | Reached XP level 3. HP: 17/24 MP: 3/3
  1011 | D:2      | Found a faded altar of an unknown god.
  1063 | D:2      | Reached XP level 4. HP: 25/29 MP: 4/4
  1234 | D:3      | Noticed Natasha
  1249 | D:3      | Killed Natasha
  1269 | D:3      | Noticed Natasha
  1273 | D:3      | Killed Natasha
  1274 | D:3      | Reached XP level 5. HP: 12/34 MP: 5/5
  1282 | D:3      | Noticed Natasha
  1295 | D:3      | Slain by Natasha

Illustrated notes

Levels and vault maps discovered:
D:1:      lightli_molten_gateway, layout_rooms, serial_curves, eino_curves_04,
          eino_curves_02, eino_curves_01, eino_curves_03
D:2:      layout_rooms, dreamdust_ecumenical_altar_drowned_temple,
          minmay_misc_feat_doors, minmay_shallow_snake_nest
D:3:      layout_basic, overflow_temple_1_default, minmay_increasing_density,
          uniq_natasha

Skill      XL: |  1  2  3  4 |
---------------+-------------+-----
Fighting       | 4 |  4.4
Maces & Flails | 3 |  3.2
Armour         | 4 |  4.0
Shields        | |  3.9

Action                     |  1- 3 |  4- 6 || total
---------------------------+-------+-------++-------
  Melee: Flail             |   110 |    48 ||   158
    Use: Scroll            |     4 |     2 ||     6
         Potion            |       |     2 ||     2
 Armour: Scale mail        |    27 |       ||    27
         Chain mail        |    50 |    39 ||    89
  Dodge: Dodged            |    41 |    22 ||    63
  Block: Buckler           |    31 |    14 ||    45

Table legend: (Time is in decaauts)
 A = Elapsed time spent in this place.
 B = Non-inter-level travel time spent in this place.
 C = Inter-level travel time spent in this place.
 D = Time resting spent in this place.
 E = Time spent auto-exploring this place.
 F = Levels seen in this place.
 G = Mean time per level.
                   A        B        C        D        E       F      G
               +--------+--------+--------+--------+--------+-----+--------+
         Total |   1346 |   1275 |     71 |      0 |    922 |   3 |  448.7 |
       Dungeon |   1346 |   1275 |     71 |      0 |    922 |   3 |  448.7 |
               +--------+--------+--------+--------+--------+-----+--------+

Top non-repeatable levels by time:
     D:1: 677 daAuts
     D:2: 581 daAuts
     D:3: 88 daAuts
